 Dungeon Crawl Stone Soup version 0.22.1-2-g9c5b331 (webtiles) character file.

116 Tiagovsky the Firebug (level 4, 0/36 HPs)
             Began as a Draconian Fire Elementalist on Jan 4, 2019.
             Slain by Jessica
             ... wielding a +0 club
              (6 damage)
             ... on level 3 of the Dungeon.
             The game lasted 00:12:49 (2627 turns).

Tiagovsky the Firebug (Draconian Fire Elementalist) Turns: 2627, Time: 00:12:50

Health: 0/36       AC:  5    Str: 10    XL:     4   Next: 70%
Magic:  6/8        EV: 18    Int: 16    God:
Gold:   136        SH:  0    Dex: 12    Spells: 7/8 levels left

rFire    . . .     SeeInvis .   w - +0 whip (elec)
rCold    . . .     Gourm    .   (no shield)
rNeg     . . .     Faith    .   (armour unavailable)
rPois    .         Spirit   .   (helmet restricted)
rElec    .         Reflect  .   (no cloak)
rCorr    .         Harm     .   (no gloves)
MR       .....                  (no boots)
Stlth    ++........             (no amulet)
HPRegen  0.12/turn              n - +6 ring of evasion
MPRegen  0.11/turn              (no ring)

@: no status effects
A: unfitting armour, cold-blooded, AC +5
a: no special abilities


You were on level 3 of the Dungeon.
You were not hungry.

You visited 1 branch of the dungeon, and saw 3 of its levels.

You collected 136 gold pieces.

Inventory:

Hand Weapons
 q - a +0 hunting sling
 w - a +0 whip of electrocution (weapon)
Missiles
 d - 80 stones (quivered)
 p - 24 sling bullets
Jewellery
 n - a +6 ring of evasion (left hand)
Scrolls
 a - 2 scrolls of enchant armour {unknown}
 f - a scroll of amnesia {unknown}
 h - 2 scrolls of identify {unknown}
 l - a scroll of teleportation {unknown}
 m - 2 scrolls of fog {unknown}
Potions
 c - a potion of resistance {unknown}
 e - a potion of curing {unknown}
 g - a potion of degeneration {unknown}
 j - 2 potions of heal wounds {unknown}
Comestibles
 b - 2 rations


   Skills:
 + Level 2.0 Fighting
 + Level 1.3 Maces & Flails
 - Level 1.7 Dodging
 - Level 1.7 Stealth
 + Level 2.7 Spellcasting
 + Level 2.2 Conjurations
 + Level 3.6 Fire Magic


You had 7 spell levels left.
You knew the following spells:

 Your Spells              Type           Power        Failure   Level  Hunger
a - Flame Tongue          Conj/Fire      ##...        6%          1    #......

Your spell library contained the following spells:

 Spells                   Type           Power        Failure   Level  Hunger
 Throw Flame              Conj/Fire      ##....       9%          2    ##.....
 Conjure Flame            Conj/Fire      ##......     17%         3    ###....
 Inner Flame              Hex/Fire       #.......     28%         3    ###....
 Sticky Flame             Conj/Fire      ##......     50%         4    #####..
 Fireball                 Conj/Fire      ##........   85%         5    ######.


Dungeon Overview and Level Annotations

Branches:
Dungeon (3/15)

Altars:
Wu Jian

Annotations:
D:3 Grinder, Jessica


Innate Abilities, Weirdness & Mutations

Your plain brown scales are hard. (AC +5)
You cannot fit into any form of body armour.
You are cold-blooded and may be slowed by cold attacks.


Message History

Aiming: Flame Tongue (safe; 6% risk of failure)
Press: ? - help, Shift-Dir - straight line, f - Jessica
Aim: Jessica, wielding a club and wearing a robe The flame tongue misses Jessica.
Casting: Flame Tongue (safe; 6% risk of failure)
Confirm with . or Enter, or press ? or * to list all spells.
Aiming: Flame Tongue (safe; 6% risk of failure)
Press: ? - help, Shift-Dir - straight line, f/p - Jessica
Aim: Jessica, wielding a club and wearing a robe The flame tongue hits Jessica.
Jessica is moderately wounded.
Grinder blinks!
Jessica gestures at you while chanting. Pain shoots through your body!
* * * LOW HITPOINT WARNING * * *
Okay, then.
You hit Jessica.
Jessica is heavily wounded.
Jessica hits you with a club.
You die...

####### #.....######
#..........# #..###.###.#
# ###..# #.# #.## #
#....###'###..######### #
#......'@###..........###
#....###@###.......§.....
#....# #.# #..........###
#....###§###..........# #
#..............@......#
#.....#.###...§.......#
#.......# #############
##.####### #.........


You could see Jessica.

Vanquished Creatures
  Robin (D:2)
  4 adders
  A worm (D:2)
  2 dart slugs
  A leopard gecko (D:3)
  An orc (D:3)
  4 giant cockroaches
  9 hobgoblins
  7 kobolds
  2 quokkas
  5 bats
  3 frilled lizards
  13 goblins
  6 rats
59 creatures vanquished.

Notes
Turn   | Place    | Note
-------+----------+-------------------------------------------
     0 | D:1      | Tiagovsky the Draconian Fire Elementalist began the quest
                  | for the Orb.
     0 | D:1      | Reached XP level 1. HP: 14/14 MP: 3/3
   338 | D:1      | Reached XP level 2. HP: 22/22 MP: 1/5
   529 | D:1      | Reached skill level 1 in Fighting
  1008 | D:2      | Reached XP level 3. HP: 25/28 MP: 0/6
  1262 | D:2      | Noticed Robin
  1666 | D:2      | Killed Robin
  1666 | D:2      | Reached skill level 1 in Maces & Flails
  1666 | D:2      | Reached XP level 4. HP: 36/36 MP: 0/7
  2540 | D:3      | Found an ornate altar of the Wu Jian Council.
  2580 | D:3      | Noticed Jessica
  2583 | D:3      | Noticed Grinder
  2590 | D:3      | Paralysed by Grinder for 2 turns
  2627 | D:3      | Slain by Jessica

Skill      XL: |  1  2  3  4 |
---------------+-------------+-----
Fighting       | 1 2 |  2.0
Conjurations   | 2 |  2.2
Maces & Flails | 1 |  1.3
Dodging        | |  1.7
Stealth        | |  1.7
Spellcasting   | |  2.7
Fire Magic     | |  3.6

Action                   |  1- 3 |  4- 6 || total
-------------------------+-------+-------++-------
Melee: Short sword       |    19 |       ||    19
       Whip              |    14 |    20 ||    34
       Tailslap          |     5 |     2 ||     7
 Fire: Hunting sling     |       |    12 ||    12
Throw: Stone             |    55 |       ||    55
 Cast: Flame Tongue      |    58 |    26 ||    84
  Use: Scroll            |     1 |     1 ||     2
  Eat: Chunk             |     3 |     3 ||     6
Armor: Skin              |    19 |    10 ||    29
Dodge: Dodged            |    56 |    27 ||    83
